AoeStats
← MKNG | Sr. MnKo

Arabia

511433368Analyzed
1v1 RM · 14d ago on Oct 5, 2026· 44m 39s· 2 players
Game mode
Random Map
Map size
Tiny (2 player)
Population
200
Speed
Normal
Resources
Standard
Victory
Conquest
Starting age
Dark Age
Ending age
Imperial Age
RankedLock teamsTeams togetherTeam positionsShared explorationLock speedFull tech treeHidden civsTurbo modeCheats
Victory
Defeat
🇧🇷 Varangians · Brazil
959
+15
vs
🇲🇽 Franks · Mexico
946
-15
MKNG | Sr. MnKo
8:05 Loom
10:32 Feudal Age
8:52 Loom
11:06 Double-Bit Axe
15:44 Forging
15:41 Scale Barding Armor
26:04 Castle Age
25:17 Man-at-Arms
26:07 Scale Mail Armor
26:40 Long Swordsman
27:06 Gambesons
33:46 Chain Mail Armor
34:26 Squires
35:34 Husbandry
35:40 Light Cavalry
37:12 Pikeman
Mohrox
10:22 Feudal Age
8:38 Loom
10:50 Double-Bit Axe
10:47 Horse Collar
17:25 Wheelbarrow
21:31 Castle Age
20:56 Scale Mail Armor
21:07 Forging
21:53 Gold Mining
26:35 Bloodlines
26:25 Husbandry
26:20 Arson
27:18 Squires
30:04 Iron Casting
32:08 Scale Barding Armor
33:46 Heavy Plow
34:43 Stone Mining
37:22 Hand Cart
36:53 Town Watch
37:53 Chain Mail Armor
37:58 Chain Barding Armor
39:07 Fletching
40:44 Chain Barding Armor
41:08 Vendel Legacy
Connection lost

Rejoining the realm…

Still unreachable

The connection could not be restored.

Session expired

The server has moved on; the page needs a fresh start.